 Dungeon Crawl Stone Soup version 0.23.0-3-gf3c87f2 (webtiles) character file.

Game seed: 12738109492926610230

158 misha the Poker (level 5, -4/39 HPs)
             Began as a Merfolk Gladiator on Feb 20, 2019.
             Slain by xccam's ghost (7 damage)
             ... on level 3 of the Dungeon.
             The game lasted 00:14:40 (3757 turns).

misha the Poker (Merfolk Gladiator)                 Turns: 3757, Time: 00:14:41

Health: -4/39      AC: 11    Str: 16    XL:     5   Next: 39%
Magic:  5/5        EV:  5    Int:  7    God:
Gold:   165        SH:  0    Dex: 15    Spells: 4/4 levels left

rFire    . . .     SeeInvis .   a - +0 trident
rCold    . . .     Gourm    .   (no shield)
rNeg     . . .     Faith    .   B - +0 plate armour
rPois    .         Spirit   .   c - +0 helmet
rElec    .         Reflect  .   r - scarf {repulsion}
rCorr    .         Harm     .   (no gloves)
MR       .....                  (no boots)
Stlth    ..........             (no amulet)
HPRegen  0.13/turn              (no ring)
MPRegen  0.09/turn              (no ring)

@: lethally poisoned (-4 -> -5), heavily drained, repel missiles
A: change form in water, swift swim, stealthy swim
a: no special abilities


You were on level 3 of the Dungeon.
You were not hungry.

You visited 1 branch of the dungeon, and saw 3 of its levels.

You collected 165 gold pieces.

Inventory:

Hand Weapons
 a - a +0 trident (weapon)
 l - a +0 dagger
 s - a +0 club
 w - a +0 spear
 y - a +0 club
 z - a +0 club
 A - a +0 whip
 D - a +0 quarterstaff
 E - a +0 dagger
 L - a +0 club
 M - a +0 club
 N - a +0 club
 O - a +0 short sword
 T - a +0 short sword
Missiles
 d - 3 throwing nets
 i - 36 poisoned needles (quivered)
 k - 68 stones
 n - 25 arrows
 C - 56 bolts
 H - 17 sling bullets
Armour
 b - a +0 leather armour
 c - a +0 helmet (worn)
 e - a +0 leather armour
 h - a +0 leather armour
 r - a scarf of repulsion (worn)
 v - a +0 robe
 B - a +0 plate armour (worn)
 I - a +0 ring mail
 P - a +0 robe
 Q - a +0 scale mail
Jewellery
 u - an uncursed ring of poison resistance {unknown}
 R - a cursed -3 ring of slaying {unknown}
Scrolls
 g - a scroll of fear {unknown}
 j - a scroll of fog {unknown}
 o - 2 scrolls of identify {unknown}
 p - 3 scrolls of teleportation {unknown}
 q - a scroll of remove curse {unknown}
 x - a scroll of amnesia {unknown}
 F - a scroll of enchant armour {unknown}
 K - 2 scrolls of immolation {unknown}
Potions
 m - 2 potions of heal wounds {unknown}
 t - a potion of brilliance {unknown}
 G - 2 potions of curing {unknown}
 J - a potion of degeneration {unknown}
Comestibles
 f - 10 rations


   Skills:
 + Level 2.5(1.0) Fighting
 + Level 6.4(4.7) Polearms
 + Level 2.1(0.6) Throwing
 + Level 1.3(0.0) Armour
 + Level 5.0(3.4) Dodging
 + Level 1.1(0.0) Stealth


You had 4 spell levels left.
You didn't know any spells.
Your spell library was empty.

Dungeon Overview and Level Annotations

Branches:
Dungeon (3/15)

Altars:
Ashenzari

Annotations:
D:3 xccam's ghost, amateur GnWn


Message History

Xccam's ghost hits you.
* * * LOW HITPOINT WARNING * * *
You feel drained.
You are too injured to fight recklessly!
You are too injured to fight recklessly!
You miss xccam's ghost.
Xccam's ghost is lightly damaged.
You feel sick. Xccam's ghost barely misses you.
You are too injured to fight recklessly!
You closely miss xccam's ghost.
Xccam's ghost is lightly damaged.
Xccam's ghost hits you.
* * * LOW HITPOINT WARNING * * *
You feel drained.
* * * LOW HITPOINT WARNING * * *
You are too injured to fight recklessly!
You puncture xccam's ghost!
Xccam's ghost is moderately damaged.
Xccam's ghost hits you!
You die...

..#.....#.....# #.#
#.#..≈≈≈≈≈
#####.#####.#.###.#
#.#≈≈≈≈≈._
#.............#
##.#..≈≈≈≈.
###############
#...≈≈≈≈≈≈≈
#..#..≈≈≈≈≈
#..#..≈≈≈≈≈ #####
#.....≈≈≈.≈ ### #...#
#..#.≈.≈..≈ ..#
##.@.#####..##.#.###
#.#
#######W...........#.#
#.#####
≈?≈≈≈≈'.#####.....##.#
#.....# #######.#
##.......# #.###.#
##..# #.......#
#.###.#
####.########.######
#.....#
#..........##.#
#.##..#
#.##.#####..#'##
#.....#
#.##.#...#.....##


You could see xccam's ghost.

Vanquished Creatures
  A gnoll (D:1)
  6 adders
  An ooze (D:2)
  2 worms
  A dart slug (D:3)
  3 leopard geckos
  6 orcs (D:3)
  A giant cockroach (D:3)
  6 goblins
  10 hobgoblins
  2 jackals (D:3)
  A ball python (D:2)
  13 bats
  4 frilled lizards
  7 kobolds
  11 rats
75 creatures vanquished.

Notes
Turn   | Place    | Note
-------+----------+-------------------------------------------
     0 | D:1      | misha the Merfolk Gladiator began the quest for the Orb.
     0 | D:1      | Reached XP level 1. HP: 16/16 MP: 1/1
   174 | D:1      | Reached XP level 2. HP: 22/22 MP: 2/2
   295 | D:1      | Reached skill level 5 in Polearms
   681 | D:1      | Reached XP level 3. HP: 20/27 MP: 3/3
  1495 | D:2      | Reached XP level 4. HP: 28/34 MP: 4/4
  1748 | D:2      | Reached skill level 6 in Polearms
  2573 | D:3      | Found a faded altar of an unknown god.
  2574 | D:3      | Reached skill level 5 in Dodging
  2610 | D:3      | Reached skill level 1 in Stealth
  2804 | D:3      | Found a shattered altar of Ashenzari.
  2949 | D:3      | Reached XP level 5. HP: 39/39 MP: 5/5
  3030 | D:3      | Found a runed translucent door.
  3141 | D:3      | Reached skill level 1 in Armour
  3629 | D:3      | Noticed xccam's ghost (amateur GnWn)
  3757 | D:3      | Slain by xccam's ghost

Skill      XL: |  1  2  3  4  5 |
---------------+----------------+-----
Polearms       | 5 6 |  6.4
Dodging        | 5 |  5.0
Stealth        | 1 |  1.1
Armour         | 1 |  1.3
Fighting       | |  2.5
Throwing       | |  2.1

Action                   |  1- 3 |  4- 6 || total
-------------------------+-------+-------++-------
Melee: Trident           |   101 |   176 ||   277
 Stab: Sleeping          |     1 |     1 ||     2
  Eat: Ration            |     2 |       ||     2
       Chunk             |       |     2 ||     2
Armor: Leather armour    |    23 |     9 ||    32
       Plate armour      |       |    67 ||    67
Dodge: Dodged            |    68 |    68 ||   136
       Deflected         |       |     1 ||     1
